 Dungeon Crawl Stone Soup version 0.21-a0-278-ga722497 (webtiles) character file.

26 Raykoid666 the Grave Robber (level 2, 0/19 HPs)
             Began as a Demonspawn Wanderer on Sept 22, 2017.
             Slain by a worm (11 damage)
             ... on level 2 of the Dungeon.
             The game lasted 00:04:23 (749 turns).

Raykoid666 the Grave Robber (Demonspawn Wanderer)    Turns: 749, Time: 00:04:24

Health: 0/19       AC:  2    Str: 10    XL:     2   Next: 89%
Magic:  2/5        EV: 11    Int: 15    God:
Gold:   75         SH:  0    Dex: 12    Spells: 2/5 levels left

rFire    . . .     SeeInvis .   c - +0 shortbow
rCold    + . .     Gourm    .   (shield currently unavailable)
rNeg     . . .     Faith    .   e - +0 robe
rPois    .         Spirit   .   (no helmet)
rElec    .         Reflect  .   (no cloak)
rCorr    .         Harm     .   (no gloves)
MR       .....                  (no boots)
Stlth    +.........             (no amulet)
HPRegen  0.06/turn              (no ring)
MPRegen  0.09/turn              (no ring)

@: no status effects
A: cold resistance 1
a: no special abilities


You were on level 2 of the Dungeon.
You were not hungry.

You visited 1 branch of the dungeon, and saw 2 of its levels.

You collected 75 gold pieces.

Inventory:

Hand Weapons
 c - a +0 shortbow (weapon)
 q - a +0 dagger
Missiles
 d - 16 arrows (quivered)
Armour
 e - a +0 robe (worn)
Scrolls
 i - a scroll of remove curse {unknown}
 k - a scroll of fear {unknown}
 l - a scroll of blinking {unknown}
 o - a scroll of amnesia {unknown}
 p - a scroll of identify {unknown}
Potions
 h - a potion of haste {unknown}
 j - a potion of ambrosia {unknown}
 m - a potion of brilliance {unknown}
 n - 2 potions of curing {unknown}
Books
 a - a book of Necromancy

   Spells                             Type                      Level
   a - Pain                           Necromancy                   1
   b - Animate Skeleton               Necromancy                   1
   c - Vampiric Draining              Necromancy                   3
   d - Regeneration                   Charms/Necromancy            3
   e - Animate Dead                   Necromancy                   4
   f - Control Undead                 Necromancy                   4
 b - the Handbook of Conjuration

   Spells                             Type                      Level
   a - Searing Ray                    Conjuration                  2
   b - Throw Frost                    Conjuration/Ice              2
Comestibles
 f - a bread ration
 g - a royal jelly


   Skills:
 - Level 1.7 Bows
 - Level 1.0 Armour
   Level 1.0 Shields
 + Level 2.3 Spellcasting
 - Level 5.4 Necromancy
   Level 1.0 Evocations


You had 2 spell levels left.
You knew the following spells:

 Your Spells              Type           Power        Failure   Level  Hunger
a - Searing Ray           Conj           #.....       32%         2    ###....
b - Animate Skeleton      Necr           N/A          2%          1    #......


Dungeon Overview and Level Annotations

Branches:
Dungeon (2/15)

Altars:


Innate Abilities, Weirdness & Mutations

Your flesh is cold resistant. (rC+)


Message History

The arrow hits the worm but does no damage.
Firing (i - inventory):
d - 19 arrows (quivered)
Press: ? - help, Shift-Dir - straight line, f/p - worm
Aim: a worm You shoot an arrow.
The arrow hits the worm.
The worm is lightly wounded.
Firing (i - inventory):
d - 18 arrows (quivered)
Press: ? - help, Shift-Dir - straight line, f/p - worm
Aim: a worm (lightly wounded)
You shoot an arrow. The arrow hits the worm!
The worm is heavily wounded.
The worm bites you!
Firing (i - inventory):
d - 17 arrows (quivered)
Press: ? - help, Shift-Dir - straight line, f/p - worm
Aim: a worm (heavily wounded)
You shoot an arrow. The arrow hits the worm.
The worm is heavily wounded.
The worm bites you!
Ouch! That really hurt!
You die...

.......
>..... #....
#....
#....###
#....(.#####
#......#(##..
#
########w##.#
.# #@##.##.#
#†......#
#.##....#
#.##<###.#
..##.# #
...##.#
#######. . ##


You could see a worm.

Vanquished Creatures
  A worm (D:1)
  A leopard gecko (D:2)
  2 giant cockroaches (D:1)
  8 goblins
  A hobgoblin (D:1)
  2 bats
  4 kobolds (D:1)
  A rat (D:1)
20 creatures vanquished.

Vanquished Creatures (others)
  A frilled lizard (D:1)
1 creature vanquished.

Grand Total: 21 creatures vanquished

Notes
Turn   | Place    | Note
-------+----------+-------------------------------------------
     0 | D:1      | Raykoid666 the Demonspawn Wanderer began the quest for the Orb.
     0 | D:1      | Raykoid666 set off with: a book of Necromancy, the Handbook of Conjuration, a +0 shortbow, 28 arrows, a +0 robe, a bread ration
     0 | D:1      | Reached XP level 1. HP: 13/13 MP: 1/1
    95 | D:1      | Reached skill level 1 in Spellcasting
   128 | D:1      | Gained mutation: Your flesh is cold resistant. (rC+) [demonic ancestry]
   128 | D:1      | Reached XP level 2. HP: 19/19 MP: 4/4
   715 | D:2      | Learned a level 2 spell: Searing Ray
   717 | D:2      | Learned a level 1 spell: Animate Skeleton
   749 | D:2      | Slain by a worm

Vault maps used:
D:1:      dpeg_arrival_brainrot, minmay_misc_feat_five, lemuel_flame_loot_1
D:2:      lemuel_doored_altar, kennysheep_generic_room_3

Skill      XL: |  1  2 |
---------------+-------+-----
Spellcasting   | 1 2 |  2.3
Bows           | |  1.7
Armour         | |  1.0
Shields        | |  1.0
Necromancy     | |  5.4
Evocations     | |  1.0

Action                   || total
-------------------------++-------
 Fire: Shortbow          ||    46
 Cast: Searing Ray       ||     1
Armor: Robe              ||     3
Dodge: Dodged            ||     4

Table legend:
 A = Spawn XP
 B = Non-spawn XP
 C = Spawn XP percentage of total XP
 D = Spawn monster count
 E = Non-spawn monster count
 F = Spawn count percentage of total count
 G = Total turns spent on level
                    A         B        C        D         E        F      G
               +---------+---------+-------+---------+---------+-------+---------
         Total |       0 |      38 |   0.0 |       0 |      20 |   0.0 |   749
               +---------+---------+-------+---------+---------+-------+---------
           D:1 |       0 |      32 |   0.0 |       0 |      17 |   0.0 |   711
           D:2 |       0 |       6 |   0.0 |       0 |       3 |   0.0 |    38
               +---------+---------+-------+---------+---------+-------+---------
